 Dungeon Crawl Stone Soup version 0.17-a0-1767-gccbed74 (webtiles) character file.

10176 luca467 the Fighter (level 11, -2/93 (94) HPs)
             Began as a Demonspawn Monk on Sept 6, 2015.
             Was a Priest of Dithmenos.
             Slain by a five-headed hydra (14 damage)
             ... on level 1 of the Lair of Beasts.
             The game lasted 01:03:52 (11132 turns).

luca467 the Fighter (Demonspawn Monk)              Turns: 11132, Time: 01:03:52

HP:   -2/93 (94)    AC:  2    Str: 10    XL:     11   Next: 32%
MP:   11/11         EV: 18    Int: 12    God:    Dithmenos [***...]
Gold: 510           SH:  0    Dex: 18    Spells: 0 memorised, 10 levels left

rFire  + + .     SeeInvis +       - Unarmed
rCold  . . .     Clarity  .     a - +0 robe
rNeg   . . .     SustAt   .     (no shield)
rPois  .         Gourm    .     (helmet restricted)
rElec  .         Spirit   .     (no cloak)
rCorr  .         Warding  .     (no gloves)
rMut   .         Stasis   .     (no boots)
MR     .....                    x - amulet of faith
Stlth  +++.......               (no ring)
                                m - ring "Zoaphyto" {+Inv rF+}

@: wreathed by umbra, not resistant to hostile enchantments, fairly stealthy
A: claws 2, horns 2, talons 1, see invisible, fire resistance 1, mutation
resistance 1, spiny 1, weak 1, flame cloud immunity
a: Shadow Step, Renounce Religion, Evoke Invisibility


You were on level 1 of the Lair of Beasts.
You worshipped Dithmenos.
Dithmenos was most pleased with you.
You were full.

You visited 3 branches of the dungeon, and saw 13 of its levels.

You collected 510 gold pieces.

Inventory:

Armour
 a - a +0 robe (worn)
Jewellery
 j - an uncursed ring of flight
 m - the ring "Zoaphyto" (left claw) {+Inv rF+}
   (You found it on level 9 of the Dungeon)

   [ring of invisibility]

   It protects you from fire.
   It lets you turn invisible.
 x - an amulet of faith (around neck)
 D - a cursed -6 ring of dexterity
Magical devices
 u - a wand of digging (4)
Scrolls
 g - a scroll of recharging
 h - a scroll of enchant armour {unknown}
 i - 9 scrolls of remove curse
 t - a scroll of fog
 y - a scroll of identify
 B - 5 scrolls of teleportation
 C - a scroll of blinking
Potions
 c - a potion of haste
 d - a potion of brilliance {unknown}
 e - 3 potions of degeneration
 k - a potion of cancellation {unknown}
 l - 2 potions of curing {unknown}
 o - a potion of cure mutation {unknown}
 p - a potion of might {unknown}
 q - a potion of magic {unknown}
 v - 2 potions of heal wounds
 w - a potion of ambrosia {unknown}
 z - 3 potions of resistance
 F - a potion of beneficial mutation {unknown}
Books
 n - a Necronomicon

   Spells                             Type                      Level
   a - Haunt                          Necromancy/Summoning         7
   b - Borgnjor's Revivification      Necromancy                   8
   c - Death's Door                   Charms/Necromancy            8
   d - Necromutation                  Transmutation/Necromancy     8
 s - a book of Clouds

   Spells                             Type                      Level
   a - Mephitic Cloud                 Conjuration/Poison/Air       3
   b - Conjure Flame                  Conjuration/Fire             3
   c - Poisonous Cloud                Conjuration/Poison/Air       6
   d - Freezing Cloud                 Conjuration/Ice/Air          6
   e - Ring of Flames                 Charms/Fire                  7
Comestibles
 b - 11 bread rations
 f - 3 meat rations
 r - a royal jelly
 A - 2 fruits


   Skills:
 * Level 11.6 Fighting
 + Level 7.8 Dodging
 - Level 1.7 Stealth
 * Level 11.0 Unarmed Combat


You had 10 spell levels left.
You didn't know any spells.

Dungeon Overview and Level Annotations

Branches:
Dungeon (12/15)            Temple (1/1) D:6            Lair (1/8) D:11
    Orc (0/4) D:11

Altars:
Ashenzari
Dithmenos
Elyvilon
Fedhas
Kikubaaqudgha
Makhleb
Okawaru
Qazlal
Sif Muna
Trog
Vehumet
Xom
Zin
The Shining One


Innate Abilities, Weirdness & Mutations

You have very sharp fingernails.
You have a pair of horns on your head.
You have sharp toenails.
Your flesh is heat resistant.
You are partially covered in sharp spines.
You are immune to clouds of flame.
You have supernaturally acute eyesight.
You are somewhat resistant to further mutation.
You are weak. (Str -2)


Message History

The blink frog is struck by your spines.
You kill the blink frog!
Dithmenos accepts your kill.
You claw the five-headed hydra!
The five-headed hydra is lightly wounded.
You barely miss the five-headed hydra. You claw the five-headed hydra.
The five-headed hydra is lightly wounded.
The five-headed hydra is struck by your spines.
The five-headed hydra misses you. The five-headed hydra bites you!
The five-headed hydra barely misses you.
The five-headed hydra misses you.
The five-headed hydra barely misses you.
The blink frog hits you!
* * * LOW HITPOINT WARNING * * *
You scratch the five-headed hydra.
The five-headed hydra is moderately wounded.
The blink frog misses you. The five-headed hydra bites you!
* * * LOW HITPOINT WARNING * * *
The five-headed hydra bites you!
You die...

#......†................#.)..
#............................
#.......................#...#
#...........P....[........[..
#...........#................
#............................
#...........P................
#...........#...#............
.........F@†..F............
.........#D#..............
............P............
................
................
............#...
...........##... ............
..


You could see a five-headed hydra and 2 blink frogs.

Vanquished Creatures
  The ghost of 4thArraOfDagon the Grappler, an experienced TrCK of Xom (D:11)
  An unseen horror (D:11)
  A hill giant (D:11)
  The ghost of Zebura the Grappler, an experienced TrHu of Kikubaaqudgha (D:11)
  A cyclops (D:11)
  An elephant (D:11)
  A spiny frog (Lair:1)
  2 trolls (D:11)
  A two-headed ogre (D:11)
  A fire drake (Lair:1)
  Grinder (D:3)
  A blink frog (Lair:1)
  Sigmund (D:4)
  A spriggan (D:7)
  A yak (D:11)
  Eustachio (D:4)
  A wyvern (D:11)
  3 hippogriffs
  A wraith (D:11)
  A hungry ghost (D:8)
  Edmund (D:4)
  Duvessa (D:7)
  An orc warrior (D:11)
  2 porcupines (Lair:1)
  An ice beast (D:5)
  3 sky beasts (D:8)
  3 necrophages
  3 black bears
  3 centaurs
  4 ogres
  A phantom (D:11)
  A crocodile (D:11)
  6 giant frogs
  A big kobold (D:8)
  Dowan (D:7)
  6 scorpions
  8 wights
  3 crimson imps
  An electric eel (D:8)
  2 giant frog zombies
  A jelly (D:5)
  4 orc wizards
  A centaur skeleton (D:9)
  4 orc priests
  5 hounds
  2 giant frog skeletons
  Natasha (twice) (D:3)
  4 iguanas
  5 worker ants
  A sheep (D:11)
  A hound zombie (D:9)
  A gnoll (D:3)
  Robin (D:3)
  12 adders
  2 shadow imps
  3 worms
  2 adder zombies
  18 orcs
  A ball python (D:2)
  5 bats
  5 giant cockroaches
  6 hobgoblins
  4 jackals
  6 giant geckos
  6 giant newts
  21 goblins
  12 kobolds
  5 quokkas
  A quokka skeleton (D:4)
  6 rats
  A plant (D:2)
223 creatures vanquished.

Notes
Turn   | Place    | Note
--------------------------------------------------------------
     0 | D:1      | luca467 the Demonspawn Monk began the quest for the Orb.
     0 | D:1      | Reached XP level 1. HP: 18/18 MP: 1/1
   508 | D:1      | Gained mutation: You are partially covered in sharp spines. [demonic ancestry]
   508 | D:1      | Reached XP level 2. HP: 24/24 MP: 2/2
   673 | D:1      | Reached skill level 4 in Unarmed Combat
  1449 | D:2      | Gained mutation: You have a pair of small horns on your head. [demonic ancestry]
  1449 | D:2      | Reached XP level 3. HP: 26/29 MP: 3/3
  1498 | D:2      | Found a deep blue altar of Sif Muna.
  1719 | D:2      | Found a stormy altar of Qazlal.
  2220 | D:3      | Noticed an ogre
  2225 | D:3      | Killed an ogre
  2225 | D:3      | Gained mutation: You have sharp toenails. [demonic ancestry]
  2225 | D:3      | Reached XP level 4. HP: 3/37 MP: 4/4
  2225 | D:3      | Reached XP level 5. HP: 3/42 MP: 5/5
  2554 | D:3      | Noticed Grinder
  2563 | D:3      | Paralysed by Grinder for 2 turns
  2569 | D:3      | Killed Grinder
  2569 | D:3      | Reached skill level 5 in Unarmed Combat
  2569 | D:3      | Gained mutation: Your flesh is heat resistant. [demonic ancestry]
  2569 | D:3      | Reached XP level 6. HP: 46/50 MP: 6/6
  2734 | D:3      | Noticed Natasha
  2743 | D:3      | Killed Natasha
  2743 | D:3      | Reached skill level 5 in Fighting
  2791 | D:3      | Noticed Robin
  2819 | D:3      | Killed Robin
  3020 | D:3      | Noticed a scorpion
  3028 | D:3      | Reached XP level 7. HP: 21/56 MP: 7/7
  3030 | D:3      | Killed a scorpion
  3491 | D:3      | Noticed Natasha
  3511 | D:3      | Killed Natasha
  3819 | D:4      | Noticed Eustachio
  3852 | D:4      | Killed Eustachio
  3852 | D:4      | Reached skill level 6 in Fighting
  3862 | D:4      | Noticed Edmund
  3923 | D:5      | Entered Level 5 of the Dungeon
  4188 | D:4      | Killed Edmund
  4602 | D:4      | Noticed Sigmund
  4609 | D:4      | Killed Sigmund
  4609 | D:4      | Gained mutation: You have sharp fingernails. [demonic ancestry]
  4609 | D:4      | Reached XP level 8. HP: 58/65 MP: 8/8
  4776 | D:4      | Reached skill level 7 in Fighting
  5170 | D:5      | Found a radiant altar of Vehumet.
  5171 | D:5      | Found a shattered altar of Ashenzari.
  5172 | D:5      | Found a white marble altar of Elyvilon.
  5173 | D:5      | Found a glowing silver altar of Zin.
  5173 | D:5      | Found a blossoming altar of Fedhas.
  5380 | D:5      | Reached skill level 5 in Dodging
  6129 | D:6      | Found a blossoming altar of Fedhas.
  6210 | D:6      | Reached skill level 8 in Fighting
  6289 | D:6      | Found a staircase to the Ecumenical Temple.
  6298 | Temple   | Entered the Ecumenical Temple
  6362 | Temple   | Became a worshipper of Dithmenos the Shadowed
  6362 | Temple   | Acquired Dithmenos's first power
  6608 | D:6      | Found a bloodstained altar of Trog.
  6782 | D:7      | Gained mutation: You have very sharp fingernails. [demonic ancestry]
  6782 | D:7      | Reached XP level 9. HP: 68/74 MP: 9/9
  7011 | D:7      | Noticed Dowan
  7016 | D:7      | Noticed Duvessa
  7028 | D:7      | Killed Duvessa
  7029 | D:7      | Killed Dowan
  7229 | D:7      | Reached skill level 9 in Fighting
  7400 | D:7      | Found a glowing golden altar of the Shining One.
  7582 | D:7      | Gained mutation: You expend magic power (3 MP) to strengthen your wands. [mutagenic meat]
  7583 | D:7      | Gained mutation: You are somewhat resistant to further mutation. [mutagenic meat]
  7584 | D:7      | Gained mutation: You have supernaturally acute eyesight. [mutagenic meat]
  7585 | D:7      | Lost mutation: You expend magic power (3 MP) to strengthen your wands. [mutagenic meat]
  7588 | D:7      | Gained mutation: You are weak. (Str -2) [mutagenic meat]
  7599 | D:8      | You fall through a shaft!
  7676 | D:9      | Found a shattered altar of Ashenzari.
  7909 | D:9      | Got a slimy brass ring
  8004 | D:9      | Acquired Dithmenos's second power
  8207 | D:9      | Gained mutation: You have a pair of horns on your head. [demonic ancestry]
  8207 | D:9      | Reached XP level 10. HP: 81/83 MP: 10/10
  8471 | D:8      | Found an iron altar of Okawaru.
  8751 | D:8      | Reached skill level 10 in Fighting
  8927 | D:9      | You fall through a shaft!
  8927 | D:11     | Noticed an unseen horror
  8937 | D:11     | Killed an unseen horror
  9008 | D:11     | Noticed Zebura's ghost (experienced TrHu)
  9018 | D:11     | Killed Zebura's ghost
  9081 | D:11     | Reached skill level 10 in Unarmed Combat
  9372 | D:11     | Found a staircase to the Lair.
  9373 | D:11     | Noticed an elephant
  9395 | D:11     | Killed an elephant
  9654 | D:11     | Noticed 4thArraOfDagon's ghost (experienced TrCK)
  9655 | D:11     | Noticed a hill giant
  9665 | D:11     | Noticed a cyclops
 10018 | D:11     | Killed a hill giant
 10018 | D:11     | Reached skill level 11 in Fighting
 10116 | D:11     | Killed a cyclops
 10116 | D:11     | Gained mutation: You are immune to clouds of flame. [demonic ancestry]
 10116 | D:11     | Reached XP level 11. HP: 41/92 MP: 11/11
 10319 | D:11     | Identified the ring "Zoaphyto" {+Inv rF+} (You found it on level 9 of the Dungeon)
 10353 | D:11     | Killed 4thArraOfDagon's ghost
 10538 | D:11     | Found a staircase to the Orcish Mines.
 10989 | Lair:1   | Entered Level 1 of the Lair of Beasts
 11122 | Lair:1   | Noticed a five-headed hydra
 11132 | Lair:1   | Slain by a five-headed hydra

Vault maps used:
D:1:      matt_arrival_diagonals, hangedman_glass_teeth
D:2:      led_sif_pool, nicolae_overflow_crystal_walls, serial_forest,
          infiniplex_forest_straight_3, infiniplex_forest_3_way,
          infiniplex_forest_lined_corner, infiniplex_forest_straight_2,
          infiniplex_forest_end_3, infiniplex_forest_lined_3,
          infiniplex_forest_straight_2, infiniplex_forest_clump_curved
D:3:      uniq_grinder, uniq_natasha, uniq_robin
D:4:      first_bread, uniq_eustachio, uniq_sigmund, uniq_edmund
D:5:      grunt_temple_overflow_open
D:6:      nicolae_overflow_hidden_temple, temple_hall, basic_altar
D:7:      tso_oasis_becter, the_bakery, minmay_misc_feat_secret_circle,
          kennysheep_big_empty_room, uniq_duvessa
D:8:      okawaru_altar_gauntlet_db
D:9:      roderic_roman_lattice, evilmike_ruin_ashenzari
D:11:     david_lair_generic, orc_0_dummy, nicolae_two_hexagons,
          lemuel_flamethrower_1
Temple:   chambers_temple_10
Lair:1:   fungi_pond_lemuel

Action                   |  1- 3 |  4- 6 |  7- 9 | 10-12 || total
-------------------------+-------+-------+-------+-------++-------
Melee: Unarmed           |    96 |    48 |   316 |   194 ||   654
 Abil: Evoke Invisibilit |       |       |       |     1 ||     1
Evoke: Wand              |       |       |     1 |       ||     1
  Use: Scroll            |     2 |     4 |     6 |     9 ||    21
       Potion            |       |       |     1 |       ||     1
 Stab: Sleeping          |     5 |     1 |    15 |     7 ||    28
  Eat: Chunk             |     3 |     2 |    18 |    12 ||    35
       Beef jerky        |       |     1 |     1 |       ||     2
       Meat ration       |       |       |     1 |     1 ||     2
